 Dungeon Crawl Stone Soup version 0.29.0-5-ge4962eb29e (webtiles) character file.

Game seed: 10847143554068309986

2325 Arcadio the Firebug (level 9, -16/75 HPs)
             Began as a Grey Draconian Fire Elementalist on Aug 29, 2022.
             Was a Follower of Ru.
             Demolished by a komodo dragon (23 damage)
             ... on level 6 of the Dungeon.
             The game lasted 00:15:35 (8083 turns).

Arcadio the Firebug (DrFE)                          Turns: 8083, Time: 00:15:37

Health: -16/75     AC: 13    Str: 10    XL:     9   Next: 19%
Magic:  16/26      EV: 13    Int: 20    God:    Ru [*.....]
Gold:   358        SH:  0    Dex: 12    Spells: 5/18 levels left

rFire   . . .      SeeInvis +   s - +0 scythe
rCold   . . .      Faith    .   (shield currently unavailable)
rNeg    . . .      Spirit   .   (body armour unavailable)
rPois   .          Reflect  .   (helmet restricted)
rElec   .          Harm     .   d - +0 cloak
rCorr   .          Rampage  .   (no gloves)
Will    .....                   (no boots)
Stlth   ++........              (no amulet)
HPRegen 0.22/turn               j - ring of see invisible
MPRegen 0.20/turn               n - ring of magical power

@: no status effects
A: AC +12, amphibious, unfitting armour, cold-blooded, unskilled 1
a: Renounce Religion


You were on level 6 of the Dungeon.
You worshipped Ru.
Ru was aware of your devotion.
You visited 2 branches of the dungeon, and saw 8 of its levels.

You collected 358 gold pieces.

Inventory:

Hand Weapons
 b - a +1 spear
 s - a +0 scythe (weapon)
 x - a +2 short sword of venom
Armour
 d - a +0 cloak (worn)
Jewellery
 j - a ring of see invisible (left hand)
 n - a ring of magical power (right hand)
Wands
 q - a wand of light (5)
Scrolls
 c - 3 scrolls of amnesia {unknown}
 e - 2 scrolls of enchant weapon
 i - 2 scrolls of identify {unknown}
 k - 5 scrolls of teleportation {unknown}
 m - a scroll of brand weapon {unknown}
 r - 2 scrolls of fog {unknown}
 t - 2 scrolls of magic mapping {unknown}
Potions
 a - a potion of magic
 f - a potion of haste {unknown}
 g - 2 potions of curing
 h - a potion of resistance {unknown}
 l - a potion of heal wounds {unknown}
 o - a potion of flight {unknown}
 p - 3 potions of lignification {unknown}
 u - 3 potions of mutation {unknown}
 v - a potion of attraction {unknown}
 w - 2 potions of cancellation {unknown}


   Skills:
 + Level 6.0 Fighting
 + Level 5.3 Dodging
 - Level 1.5 Stealth
 + Level 5.4 Spellcasting
 - Level 0.8 Conjurations
 + Level 6.2 Fire Magic


You had 5 spell levels left.
You knew the following spells:

 Your Spells              Type           Power      Damage    Failure   Level
a - Foxfire               Conj/Fire      76%        2x1d7     2%          1
b - Scorch                Fire           60%        2d8       1%          2
c - Conjure Flame         Conj/Fire      19%        6-21      8%          3
d - Inner Flame           Hex/Fire       17%        N/A       10%         3
e - Flame Wave            Conj/Fire      19%        2d7       26%         4

Your spell library contained the following spells:

 Spells                   Type           Power      Damage    Failure   Level
 Apportation              Tloc           10%        N/A       11%         1
 Necrotise                Necr           20%        1d5       11%         1
 Summon Small Mammal      Summ           20%        N/A       11%         1
 Ignite Poison            Fire/Tmut/Pois 13%        N/A       14%         3
 Sticky Flame             Conj/Fire      19%        2d4       26%         4
 Dazzling Flash           Conj/Hex       14%        N/A       28%         3
 Iskenderun's Mystic Bla  Conj/Tloc      7%         2d4       67%         4
 Starburst                Conj/Fire      9%         6d5       99%         6


Dungeon Overview and Level Annotations

Branches:
Dungeon (7/15) Zot: 26959  Temple (1/1) D:4 Zot: 5955

Altars:
Ashenzari
Cheibriados
Dithmenos
Elyvilon
Fedhas
Gozag
Hepliaklqana
Makhleb
Nemelex Xobeh
Okawaru
Qazlal
Ru
Sif Muna
Trog
Uskayaw
Wu Jian
Xom
Yredelemnul
Zin
The Shining One

Annotations:
D:7 Prince Ribbit


Innate Abilities, Weirdness & Mutations

Your dull iron-grey scales are very hard. (AC +12)
You are amphibious.
You cannot fit into any form of body armour.
You are cold-blooded and may be slowed by cold attacks.
You are somewhat unskilled. (-1 Apt)


Message History

Casting: Flame Wave (dangerous; 26% risk of failure)
Confirm with . or Enter, or press ? or * to list all spells.
Flames lash the komodo dragon.
The komodo dragon is moderately wounded.
The komodo dragon's fire resistance burns away.
The komodo dragon bites you!!
* * * LOW HITPOINT WARNING * * *
Casting: Scorch (safe; 1% risk of failure)
Confirm with . or Enter, or press ? or * to list all spells.
Flames lash the komodo dragon.
The komodo dragon is burned terribly!
The komodo dragon is moderately wounded.
The komodo dragon bites you.
* * * LOW HITPOINT WARNING * * *
Unknown command.
Okay, then.
Okay, then.
Casting: Scorch (safe; 1% risk of failure)
Confirm with . or Enter, or press ? or * to list all spells.
Okay, then.
Aiming: Bolt of Light
Press: ? - help, Shift-Dir - straight line, f - komodo dragon
Aim: a komodo dragon (moderately wounded, more vulnerable to fire, 79% to hit)
The bolt of light hits the komodo dragon!
The komodo dragon is heavily wounded.
The komodo dragon is blinded.
The komodo dragon bites you.
* * * LOW HITPOINT WARNING * * *
The komodo dragon is no longer blind.
The komodo dragon is no longer more vulnerable to fire.
You see here a +0 shortbow.
The komodo dragon attacks as you move away!
The komodo dragon bites you!
* * * LOW HITPOINT WARNING * * *
Okay, then.
Aiming: Bolt of Light
Press: ? - help, Shift-Dir - straight line, f/p - komodo dragon
Aim: a komodo dragon (heavily wounded, 79% to hit)
The bolt of light hits the komodo dragon!
The komodo dragon is severely wounded.
The komodo dragon is blinded.
The komodo dragon bites you!!
You die...

#.....##.#########.#
#.....##.# #.....#.#
###.....##.#
#.###.#.##
#.......##.#
#.#......#
####......###.#
#.#.##...#
#.......).# #.#
#........#
#....####)# #.#
#<..###### #....#
#l# #.# ##### #....#
#@###.####### #....#
#.##........# #....#
#.##........# #....#
#.##........# #....#
#.##........# #....#
#......(....# #....#
####........# ######
#........#
##########


You could see a komodo dragon (blind).

Vanquished Creatures
  Sigmund (D:4)
  A black bear (D:4)
  An ice beast (D:5)
  2 ogres (D:4)
  2 centaurs (D:6)
  4 phantoms
  A kobold brigand (D:6)
  3 necrophages
  A wyvern skeleton (D:5)
  2 scorpions (D:5)
  5 howler monkeys
  5 bullfrog zombies (D:5)
  A centaur zombie (D:5)
  2 jellies (D:6)
  3 hounds
  2 bullfrog skeletons (D:5)
  Ijyb (D:4)
  Jessica (D:2)
  3 iguanas
  A hound skeleton (D:5)
  Robin (D:2)
  9 adders
  A white imp (D:5)
  An ufetubus (D:5)
  An adder skeleton (D:5)
  2 adder zombies (D:5)
  A worm (D:4)
  2 dart slugs
  8 orcs
  4 ball pythons
  5 bats
  4 endoplasms
  2 giant cockroaches
  15 goblins
  6 hobgoblins
  5 jackals (D:2)
  8 kobolds
  3 quokkas
  3 frilled lizards
  A rat (D:2)
124 creatures vanquished.

Vanquished Creatures (others)
  216 foxfires
  A fungus (D:2)
  10 plants (D:2)
227 creatures vanquished.

Grand Total: 351 creatures vanquished

Notes
Turn   | Place    | Note
-------+----------+-------------------------------------------
     0 | D:1      | Arcadio the Draconian Fire Elementalist began the quest for
                  | the Orb.
     0 | D:1      | Reached XP level 1. HP: 14/14 MP: 3/3
   761 | D:2      | Reached XP level 2. HP: 22/22 MP: 0/5
   927 | D:2      | Noticed Jessica
   930 | D:2      | Reached skill level 1 in Fighting
   983 | D:2      | Killed Jessica
   984 | D:2      | Reached XP level 3. HP: 14/28 MP: 3/6
   987 | D:2      | Learned a level 2 spell: Scorch
   991 | D:2      | Learned a level 3 spell: Conjure Flame
  1289 | D:2      | Reached XP level 4. HP: 36/36 MP: 3/7
  1294 | D:2      | Noticed Robin
  1352 | D:2      | Killed Robin
  1354 | D:2      | HP: 1/36 [hobgoblin[Robin] (3)]
  2250 | D:2      | Found a faded altar of an unknown god.
  2617 | D:3      | Found a broken altar of Ashenzari.
  2716 | D:3      | Found a glowing silver altar of Zin.
  2737 | D:3      | Reached XP level 5. HP: 41/41 MP: 9/9
  2977 | D:3      | Found an iron altar of Okawaru.
  3596 | D:4      | Found a staircase to the Ecumenical Temple.
  3623 | Temple   | Entered the Ecumenical Temple
  3656 | Temple   | Became a worshipper of Ru the Awakened
  3745 | D:4      | Noticed Ijyb
  3756 | D:4      | Killed Ijyb
  4184 | D:4      | Found a shimmering blue altar of Sif Muna.
  4238 | D:4      | Noticed Sigmund
  4254 | D:4      | Killed Sigmund
  4255 | D:4      | Reached XP level 6. HP: 51/51 MP: 11/11
  4785 | D:5      | Entered Level 5 of the Dungeon
  4927 | D:5      | Your scales start taking on a dull iron-grey colour.
  4927 | D:5      | Reached XP level 7. HP: 58/58 MP: 12/12
  5083 | D:4      | Reached skill level 5 in Fire Magic
  5728 | D:5      | Reached XP level 8. HP: 67/67 MP: 14/14
  5732 | D:5      | Learned a level 3 spell: Inner Flame
  5737 | D:5      | Learned a level 4 spell: Flame Wave
  6057 | D:4      | Gained mutation: You are somewhat unskilled. (-1 Apt) [Ru
                  | sacrifice]
  6057 | D:4      | Reached * piety under Ru
  6333 | D:4      | Reached skill level 5 in Fighting
  6985 | D:5      | Reached skill level 5 in Spellcasting
  7067 | D:5      | Reached skill level 5 in Dodging
  7106 | D:5      | Found a burning altar of Makhleb.
  7375 | D:6      | Found a hide-covered altar of Uskayaw.
  7414 | D:6      | Reached XP level 9. HP: 56/75 MP: 15/16
  8051 | D:7      | Noticed Prince Ribbit
  8053 | D:7      | Noticed a komodo dragon
  8083 | D:6      | Demolished by a komodo dragon

Illustrated notes

Levels and vault maps discovered:
D:1:      mrwooster_arrival_statue, layout_loops_cross
D:2:      cheibrodos_old_hovel, layout_basic,
          shapermc_ecumenical_altar_hornbeckon, minmay_door_square, uniq_robin,
          uniq_jessica
D:3:      layout_loops_cross, mainiacjoe_overflow_cross_hatched,
          evilmike_ruin_ashenzari, mainiacjoe_overflow_concentric_impassable
D:4:      layout_basic, lemuel_blue_sif_altar, minmay_temple_entry_glassed_door,
          uniq_sigmund, uniq_ijyb
D:5:      layout_cave_pools, lightli_temple_of_fire, serial_undead,
          serial_undead_c, serial_undead_a, serial_undead_c, serial_undead_a
D:6:      layout_basic, nicolae_uskayaw_murder_on_the_dancefloor
D:7:      layout_loops_ring, kennysheep_vampire_church, vehumet_statue,
          uniq_prince_ribbit1, uniq_duvessa, uniq_pikel
Temple:   nicolae_temple_ecumenical_triangle

Skill      XL: |  1  2  3  4  5  6  7  8  9 |
---------------+----------------------------+-----
Dodging        | 2 3 4 5 |  5.3
Fighting       | 1 2 3 4 5 6 |  6.0
Spellcasting   | 3 4 5 |  5.4
Fire Magic     | 4 5 6 |  6.2
Conjurations   | 0 |  0.8
Stealth        | |  1.5

Action                   |  1- 3 |  4- 6 |  7- 9 || total
-------------------------+-------+-------+-------++-------
Melee: Spear             |    16 |    31 |       ||    47
       Tailslap          |     2 |     9 |     5 ||    16
       Halberd           |       |       |    45 ||    45
 Cast: Foxfire           |    34 |    44 |    50 ||   128
       Scorch            |       |    33 |    97 ||   130
       Inner Flame       |       |       |     1 ||     1
       Flame Wave        |       |       |     1 ||     1
Invok: Sacrifice Skill   |       |       |     1 ||     1
Evoke: Wand              |       |       |     2 ||     2
  Use: Scroll            |     1 |       |       ||     1
       Potion            |       |     1 |       ||     1
 Stab: Sleeping          |       |     2 |       ||     2
Armor: Skin              |     9 |    36 |   120 ||   165
Dodge: Dodged            |     3 |    54 |   199 ||   256
